 Dungeon Crawl Stone Soup version 0.31-a0-271-gb88eb75e06 (webtiles) character file.

Game seed: 3219847402928439686

436 Demosthentine the Poker (level 6, -8/48 HPs)
             Began as a Demonspawn Gladiator on July 15, 2023.
             Was an Initiate of Hepliaklqana.
             Mangled by Edmund
             ... wielding a +4 dire flail of protection
              (11 damage)
             ... on level 5 of the Dungeon.
             The game lasted 00:04:18 (2646 turns).

Demosthentine the Poker (Demonspawn Gladiator)      Turns: 2646, Time: 00:04:19

Health: -8/48      AC:  4    Str: 16    XL:     6   Next: 69%
Magic:  0/6        EV: 13    Int: 10    God:    Hepliaklqana [......]
Gold:   117        SH:  0    Dex: 14    Spells: 5/5 levels left

rFire   . . .        a - +0 trident (heavy)
rCold   + . .        (no shield)
rNeg    . . .        b - +0 leather armour
rPois   .            c - +0 helmet
rElec   .            (no cloak)
rCorr   .            (no gloves)
SInv    .            (no boots)
Will    .....        n - amulet of guardian spirit
Stlth   +            l - ring of protection from cold
HPRegen 0.28/turn    (no ring)
MPRegen 0.10/turn

%: guardian spirit
@: no status effects
A: powered by death 1, spiny 1
a: Renounce Religion


You were on level 5 of the Dungeon.
You worshipped Hepliaklqana.
Hepliaklqana was noncommittal.
You visited 2 branches of the dungeon, and saw 6 of its levels.

You collected 117 gold pieces.

Inventory:

Hand Weapons
 a - a +0 heavy trident (weapon)
Missiles
 e - a javelin
Armour
 b - a +0 leather armour (worn)
 c - a +0 helmet (worn)
Jewellery
 l - a ring of protection from cold (left hand)
 n - an amulet of guardian spirit (around neck)
Talismans
 p - a beast talisman
Wands
 f - a wand of paralysis (5)
 i - a wand of mindburst (16)
Scrolls
 j - 5 scrolls of teleportation
Potions
 h - 2 potions of haste
 k - a potion of cancellation {unknown}
 q - 2 potions of brilliance {unknown}


   Skills:
 + Level 4.0 Fighting
 + Level 4.1 Polearms
 - Level 1.7 Throwing
 + Level 2.8 Armour
 + Level 4.1 Dodging


You had 5 spell levels left.
You didn't know any spells.
Your spell library contained the following spells:

 Spells                   Type           Power      Damage    Failure   Level
 Magic Dart               Conj           0%         1d3       41%         1
 Summon Small Mammal      Summ           0%         N/A       41%         1
 Call Imp                 Summ           0%         N/A       56%         2
 Cigotuvi's Dreadful Rot  Necr/Pois/Air  0%         N/A       56%         2
 Scorch                   Fire           0%         2d5       56%         2
 Call Canine Familiar     Summ           0%         N/A       80%         3
 Mephitic Cloud           Conj/Pois/Air  0%         N/A       80%         3
 Summon Guardian Golem    Hex/Summ       0%         N/A       80%         3
 Dispel Undead            Necr           0%         3d6       99%         4
 Flame Wave               Conj/Fire      0%         2d4       99%         4
 Death Channel            Necr           0%         N/A       100%        6
 Summon Cactus Giant      Summ           0%         N/A       100%        6


Dungeon Overview and Level Annotations

Branches:
Dungeon (5/15)             Temple (1/1) D:4

Altars:
Ashenzari
Dithmenos
Fedhas
Gozag
Hepliaklqana
Makhleb
Nemelex Xobeh
Okawaru
Qazlal
Ru
Uskayaw
Wu Jian
Xom
Yredelemnul

Shops:
D:1 :

Annotations:
D:4 2 transporters
D:5 Edmund


Innate Abilities, Weirdness & Mutations

You regenerate a little health from kills.
You are partially covered in sharp spines.


Message History

Reach: a) +0 trident (heavy)
Press: ? - help, Dir - move target, f/p - Edmund
Aim: Edmund, wielding a +4 dire flail of protection and wearing a +2 scale mail of cold resistance (heavily wounded, about 35% to evade your +0 heavy trident)
You reach to attack!
You barely miss Edmund.
Edmund is heavily wounded.
Unknown command.
Reach: a) +0 trident (heavy)
Press: ? - help, Dir - move target, f/p - Edmund
Aim: Edmund, wielding a +4 dire flail of protection and wearing a +2 scale mail of cold resistance (heavily wounded, about 35% to evade your +0 heavy trident)
You reach to attack!
You puncture Edmund!
Edmund is severely wounded.
Edmund hits you with a +4 dire flail of protection.
Your extra speed is starting to run out.
Reach: a) +0 trident (heavy)
Press: ? - help, Dir - move target, f/p - Edmund
Aim: Edmund, wielding a +4 dire flail of protection and wearing a +2 scale mail of cold resistance (severely wounded, about 35% to evade your +0 heavy trident)
You reach to attack!
You completely miss Edmund.
Edmund is severely wounded.
Unknown command.
Reach: a) +0 trident (heavy)
Press: ? - help, Dir - move target, f/p - Edmund
Aim: Edmund, wielding a +4 dire flail of protection and wearing a +2 scale mail of cold resistance (severely wounded, about 35% to evade your +0 heavy trident)
Okay, then.
Reach: a) +0 trident (heavy)
Press: ? - help, Dir - move target, f/p - Edmund
Aim: Edmund, wielding a +4 dire flail of protection and wearing a +2 scale mail of cold resistance (severely wounded, about 35% to evade your +0 heavy trident)
You reach to attack!
You hit Edmund but do no damage.
Edmund is severely wounded.
Edmund hits you with a +4 dire flail of protection!!
* * * LOW HITPOINT WARNING * * *
Reach: a) +0 trident (heavy)
Press: ? - help, Dir - move target, f/p - Edmund
Aim: Edmund, wielding a +4 dire flail of protection and wearing a +2 scale mail of cold resistance (severely wounded, about 35% to evade your +0 heavy trident)
You reach to attack!
You puncture Edmund!
Edmund is almost dead.
You feel yourself slow down.
You closely miss Edmund.
Edmund is almost dead.
Edmund hits you with a +4 dire flail of protection!
You die...

.............#.##.#
.............#.##.#
.............'..>.#
###..........#.#..#
#######+####....#
#....# #....#
+.#..# #.#@.######
#.#@.......
#.#.##.#........
#..........#####
#...##.###.# ....
#.# .# .>. ..# .#
## #### .#


You could see Edmund.

Vanquished Creatures
  An ogre (D:4)
  A hound (D:4)
  2 jellies (D:4)
  An orc priest (D:4)
  An iguana (D:4)
  Ijyb (D:4)
  4 gnolls (D:3)
  6 adders
  3 worms
  3 dart slugs
  5 orcs (D:4)
  6 endoplasms
  3 giant cockroaches
  4 goblins
  5 hobgoblins
  4 jackals (D:4)
  9 kobolds
  4 quokkas
  4 ball pythons
  4 bats
  2 frilled lizards
  6 rats
79 creatures vanquished.

Notes
Turn   | Place    | Note
-------+----------+-------------------------------------------
     0 | D:1      | Demosthentine the Demonspawn Gladiator began the quest for
                  | the Orb.
     0 | D:1      | Reached XP level 1. HP: 16/16 MP: 1/1
    51 | D:1      | Found Ulyckev's Book Boutique.
    97 | D:1      | Gained mutation: You regenerate a little health from kills.
                  | [demonic ancestry]
    97 | D:1      | Reached XP level 2. HP: 21/22 MP: 2/2
   306 | D:1      | Reached skill level 1 in Armour
   419 | D:2      | Reached XP level 3. HP: 28/28 MP: 3/3
   836 | D:2      | Reached XP level 4. HP: 32/34 MP: 4/4
  1382 | D:3      | Found a faded altar of an unknown god.
  1717 | D:4      | Noticed an ogre
  1724 | D:4      | Killed an ogre
  1725 | D:4      | Reached XP level 5. HP: 41/41 MP: 5/5
  1792 | D:4      | Found a blossoming altar of Fedhas.
  1797 | D:4      | Gained mutation: You are partially covered in sharp spines.
                  | [demonic ancestry]
  1797 | D:4      | Reached XP level 6. HP: 47/47 MP: 6/6
  1812 | D:4      | Found a staircase to the Ecumenical Temple.
  1854 | Temple   | Entered the Ecumenical Temple
  1985 | Temple   | Became a worshipper of Hepliaklqana the Forgotten
  2158 | D:4      | Found a transporter.
  2158 | D:4      | Noticed a water moccasin
  2160 | D:4      | Found a transporter.
  2168 | D:4      | Found a burning altar of Makhleb.
  2168 | D:4      | Found a broken altar of Ashenzari.
  2218 | D:4      | Noticed Ijyb
  2218 | D:4      | Paralysed by Ijyb for 5 turns
  2227 | D:4      | Killed Ijyb
  2427 | D:4      | Found a large runed translucent door.
  2428 | D:4      | Found a large runed translucent door.
  2472 | D:4      | Found a sacrificial altar of Ru.
  2481 | D:4      | Found a basalt altar of Yredelemnul.
  2574 | D:5      | Entered Level 5 of the Dungeon
  2592 | D:5      | Noticed Edmund
  2643 | D:5      | HP: 2/48 [Edmund/+4 dire flail of protection (15)]
  2646 | D:5      | Mangled by Edmund

Illustrated notes

Levels and vault maps discovered:
D:1:      tarquinn_simple_flora_water_a, layout_rooms, serial_shops, shop
D:2:      layout_basic, corexii_corridor_pit
D:3:      layout_basic, hellmonk_ecumenical_altar_slurped_away,
          hex_intersection, grunt_ministairs_15, kennysheep_generic_room_11
D:4:      layout_loops_ring, overflow_temple_1_default, jmf_multi_god_temple2,
          gammafunk_temple_overflow_arena, minmay_temple_entry_arrows, uniq_ijyb
D:5:      layout_basic, uniq_edmund
Temple:   nicolae_temple_two_arcs

Skill      XL: |  1  2  3  4  5  6 |
---------------+-------------------+-----
Polearms       | 3 4 |  4.1
Dodging        | 3 4 |  4.1
Armour         | 1 2 |  2.8
Fighting       | 3 4 |  4.0
Throwing       | |  1.7

Action                     |  1- 3 |  4- 6 || total
---------------------------+-------+-------++-------
  Melee: Trident           |   100 |   125 ||   225
  Throw: Throwing net      |       |     4 ||     4
    Use: Scroll            |     2 |     6 ||     8
         Potion            |       |     2 ||     2
   Stab: Distracted        |     1 |       ||     1
         Sleeping          |     2 |     1 ||     3
         Held in net/web   |       |     2 ||     2
 Armour: Leather armour    |    17 |    15 ||    32
  Dodge: Dodged            |    47 |    58 ||   105

Table legend: (Time is in decaauts)
 A = Elapsed time spent in this place.
 B = Non-inter-level travel time spent in this place.
 C = Inter-level travel time spent in this place.
 D = Time resting spent in this place.
 E = Time spent auto-exploring this place.
 F = Levels seen in this place.
 G = Mean time per level.
                   A        B        C        D        E       F      G
               +--------+--------+--------+--------+--------+-----+--------+
         Total |   2697 |   2641 |     56 |     33 |   1932 |   6 |  449.5 |
       Dungeon |   2555 |   2499 |     56 |     33 |   1823 |   5 |  511.0 |
        Temple |    141 |    141 |      0 |      0 |    109 |   1 |  141.0 |
               +--------+--------+--------+--------+--------+-----+--------+

Top non-repeatable levels by time:
     D:4: 748 daAuts
     D:3: 669 daAuts
     D:2: 659 daAuts
     D:1: 409 daAuts
  Temple: 141 daAuts
     D:5: 68 daAuts
